Map: Frost LE

Players

ExODuS

  • Race: Protoss Protoss
  • League: Diamond

Iceman - Winner!

  • Race: Zerg Zerg
  • League: Diamond

VOD

Have the link to the VOD?

Description

Time

  • Played on: July 18, 2016, 1:29 a.m.
  • Length: 14:59
Show
View Real Time Build Order
Export as new Build Order

ExODuS Protoss 

Build Orders: 1 Gate Expand 

Get SALT Encoding   

  12  0:01  Probe (Chrono Boost)  
  13  0:11  Probe (Chrono Boost)  
  14  0:19  Pylon  
  14  0:22  Probe (Chrono Boost)  
  15  0:37  Probe (Chrono Boost)  
  16  0:48  Gateway  
  16  0:49  Probe (Chrono Boost)  
  17  1:02  Forge  
  17  1:05  Probe (Chrono Boost)  
  18  1:15  Probe (Chrono Boost)  
  19  1:26  Probe (Chrono Boost)  
  20  1:34  Nexus  
  20  1:40  Zealot  
  20  1:44  Probe (Chrono Boost)  
  23  1:52  Assimilator  
  23  1:56  Assimilator  
  23  2:00  Pylon  
  23  2:09  Pylon  
  23  2:18  Probe (Chrono Boost)  
  24  2:29  Probe (Chrono Boost)  
  25  2:30  Protoss Ground Weapons Level 1  
  25  2:40  Probe (Chrono Boost), Gateway  
  25  2:42  Gateway  
  26  2:51  Probe (Chrono Boost)  
  27  2:54  Probe (Chrono Boost)  
  28  3:04  Cybernetics Core  
  27  3:08  Probe (Chrono Boost)  
  27  3:09  Probe (Chrono Boost)  
  30  3:20  Probe (Chrono Boost), Pylon  
  30  3:22  Probe (Chrono Boost)  
  31  3:34  Zealot  
  31  3:40  Pylon  
  33  3:42  Gateway  
  33  3:45  Probe (Chrono Boost)  
  32  3:51  Warp Gate  
  31  3:56  Pylon  
  31  3:59  Probe x2 (Chrono Boost)  
  31  4:02  Sentry  
  35  4:12  Probe x2 (Chrono Boost)  
  37  4:19  Twilight Council  
  37  4:23  Zealot  
  39  4:24  Probe x2 (Chrono Boost)  
  39  4:28  Sentry  
  39  4:31  Sentry  
  45  4:36  Probe (Chrono Boost)  
  45  4:37  Probe (Chrono Boost)  
  47  4:44  Assimilator  
  47  4:49  Probe (Chrono Boost)  
  47  4:50  Protoss Ground Weapons Level 2  
  47  4:52  Mothership Core (Chrono Boost)  
  50  4:54  Sentry  
  50  4:59  Assimilator  
  53  5:01  Probe (Chrono Boost)  
  53  5:03  Gateway  
  53  5:06  Gateway  
  53  5:11  Probe (Chrono Boost)  
  53  5:13  Probe (Chrono Boost)  
  55  5:16  Zealot  
  55  5:20  Zealot  
  59  5:23  Probe (Chrono Boost)  
  59  5:25  Probe (Chrono Boost), Pylon  
  63  5:36  Probe (Chrono Boost)  
  63  5:37  Probe (Chrono Boost), Charge  
  63  5:39  Pylon  
  63  5:48  Probe (Chrono Boost)  
  64  5:57  Pylon, Robotics Facility  
  66  6:05  Probe x2 (Chrono Boost), Adept  
  66  6:06  Adept x2  
  66  6:07  Sentry  
  66  6:08  Sentry  
  76  6:18  Probe x2 (Chrono Boost)  
  78  6:27  Nexus  
  78  6:29  Pylon  
  78  6:36  Adept  
  78  6:37  Adept  
  78  6:38  Adept  
  84  6:42  Probe (Chrono Boost)  
  84  6:43  Probe (Chrono Boost)  
  84  6:44  Sentry  
  84  6:45  Sentry  
  90  6:50  Immortal  
  90  6:56  Probe x2 (Chrono Boost)  
  96  7:06  Sentry  
  96  7:07  Sentry x2  
  102  7:11  Zealot x2  
  106  7:36  Zealot  
  106  7:37  Zealot x2  
  110  7:44  Sentry x2  
  110  7:45  Observer  
  110  7:48  Probe x2 (Chrono Boost)  
  117  7:56  Robotics Bay  
  117  7:57  Gateway  
  117  7:58  Gateway  
  118  8:00  Probe x2 (Chrono Boost), Adept x3  
  117  8:19  Adept x2  
  103  8:33  Zealot x2  
  103  8:34  Zealot  
  84  8:45  Adept x2  
  84  8:46  Disruptor  
  86  8:50  Probe x2 (Chrono Boost)  
  89  8:57  Pylon  
  89  8:59  Pylon  
  81  9:14  Zealot x5  
  81  9:15  Zealot x2  
  81  9:22  Probe (Chrono Boost)  
  81  9:23  Probe (Chrono Boost)  
  81  9:34  Protoss Ground Weapons Level 3  
  81  9:36  Zealot x3  
  81  9:37  Zealot x4  
  90  9:52  Disruptor  
  85  10:02  Probe x2 (Chrono Boost)  
  87  10:08  Zealot x5, Gateway  
  87  10:09  Zealot  
  87  10:10  Zealot, Gateway  
  87  10:13  Gateway  
  101  10:18  Probe (Chrono Boost)  
  102  11:12  Nexus  
  102  11:14  Pylon  
  102  11:17  Pylon  
  102  11:20  Pylon x2  
  102  11:23  Pylon  
  102  11:27  Warp Prism  
  105  11:33  Probe (Chrono Boost)  
  105  11:45  Sentry  
  105  11:46  Sentry x6  
  116  11:47  Zealot, Sentry  
  103  12:11  Disruptor  
  106  12:15  Blink  
  106  12:20  Stalker  
  106  12:21  Stalker  
  106  12:22  Stalker x2  
  112  12:23  Stalker  
  112  12:24  Stalker x5  
  125  12:50  Adept x3  
  125  12:51  Adept  
  133  12:57  Pylon  
  133  13:05  Pylon  
  133  13:15  Disruptor  
  133  13:17  Sentry x3  
  133  13:19  Pylon  
  140  13:29  Adept  
  110  13:53  Sentry x2  
  110  13:54  Sentry x5  
  118  13:56  Observer  
  119  14:29  Sentry x3  
  119  14:30  Sentry x3  
Show
View Real Time Build Order
Export as new Build Order

Iceman Zerg - Winner!

Build Orders: 3 Hatch before Pool, Lurkers 

Get SALT Encoding   

  12  0:01  Drone  
  13  0:13  Overlord  
  13  0:17  Drone  
  14  0:31  Drone x2  
  14  0:34  Drone  
  17  0:54  Hatchery  
  17  0:55  Drone  
  17  0:59  Drone  
  18  1:22  Drone  
  18  1:24  Hatchery  
  18  1:27  Extractor  
  17  1:38  Spawning Pool  
  16  1:40  Drone  
  16  1:44  Drone  
  18  1:47  Drone  
  19  1:57  Overlord  
  20  2:08  Drone x2  
  21  2:17  Drone  
  22  2:27  Zergling x4, Queen  
  26  2:32  Queen  
  28  2:41  Metabolic Boost  
  28  2:43  Drone  
  29  2:44  Drone  
  29  2:48  Zergling x2  
  29  2:50  Drone  
  32  2:53  Drone  
  33  3:00  Queen  
  33  3:02  Drone  
  36  3:09  Drone x3  
  39  3:14  Drone x2  
  39  3:18  Overlord  
  41  3:31  Drone  
  42  3:36  Queen  
  42  3:38  Roach Warren  
  42  3:39  Extractor  
  42  3:40  Drone x3  
  44  3:41  Drone  
  44  3:42  Extractor  
  43  3:51  Drone x2  
  43  3:52  Drone x4  
  48  4:03  Drone  
  48  4:09  Spore Crawler  
  48  4:14  Drone x2  
  48  4:15  Spore Crawler, Drone  
  48  4:16  Overlord x2  
  50  4:24  Extractor, Drone  
  50  4:29  Overlord x2  
  50  4:36  Drone x4  
  50  4:38  Roach x4  
  62  4:41  Drone  
  65  4:45  Drone x3  
  65  4:49  Drone x3  
  69  4:54  Lair  
  69  4:56  Zergling x2  
  69  4:57  Zergling x2  
  71  5:01  Extractor  
  70  5:07  Drone x4  
  70  5:08  Drone x2  
  70  5:10  Zergling x2  
  70  5:11  Zergling x2  
  70  5:12  Ravager  
  70  5:13  Ravager  
  80  5:18  Zergling x4  
  82  5:34  Overlord x2  
  82  5:35  Overlord x2  
  82  5:47  Evolution Chamber x2, Drone x2  
  82  5:52  Spore Crawler  
  82  5:55  Glial Reconstitution  
  81  5:58  Drone x6, Hydralisk Den  
  81  5:59  Drone x3  
  81  6:04  Roach x3  
  95  6:05  Roach  
  95  6:07  Pneumatized Carapace  
  95  6:09  Extractor  
  96  6:13  Roach x4  
  96  6:17  Zerg Missile Weapons Level 1  
  104  6:20  Zerg Ground Armor Level 1  
  104  6:26  Hatchery  
  104  6:31  Hydralisk x4  
  111  6:34  Drone x3  
  111  6:37  Overseer  
  114  6:55  Muscular Augments  
  114  6:57  Overlord x3  
  114  6:58  Overlord x3  
  114  7:10  Overlord  
  114  7:11  Overlord x3  
  105  7:36  Hydralisk x15  
  123  7:40  Zergling x2  
  122  7:45  Hydralisk x3  
  122  7:48  Zergling x4  
  122  7:49  Zergling x2  
  132  7:51  Zergling x2  
  132  7:57  Zergling x2, Spine Crawler  
  132  7:58  Spore Crawler  
  131  7:59  Roach x2  
  131  8:00  Ravager x2  
  131  8:02  Zergling x2  
  132  8:18  Hydralisk  
  132  8:19  Hydralisk x4  
  130  8:26  Hydralisk x3  
  128  8:31  Hydralisk  
  123  8:34  Zergling x14  
  123  8:38  Zergling x2  
  124  8:42  Hydralisk x2  
  124  8:46  Hydralisk  
  130  8:50  Hydralisk x2  
  134  8:57  Zerg Missile Weapons Level 2  
  134  8:59  Drone x2  
  134  9:01  Drone  
  134  9:02  Overlord  
  137  9:04  Drone  
  130  9:13  Drone x3  
  129  9:18  Drone x2  
  129  9:21  Drone  
  129  9:24  Spine Crawler, Drone x2  
  132  9:25  Spine Crawler, Drone  
  132  9:26  Drone  
  132  9:27  Drone  
  133  9:35  Hydralisk x4  
  141  9:41  Roach  
  141  9:43  Lurker Den  
  141  9:44  Zerg Ground Armor Level 2  
  143  9:47  Drone x3  
  143  9:50  Drone  
  143  9:51  Spine Crawler  
  143  9:52  Spine Crawler, Spore Crawler  
  128  9:53  Spine Crawler, Drone x2  
  128  9:54  Spine Crawler, Drone  
  128  9:58  Roach x2  
  128  9:59  Roach x2  
  139  10:00  Roach x3  
  139  10:04  Extractor  
  139  10:05  Drone  
  139  10:06  Extractor  
  142  10:08  Drone x2  
  142  10:11  Drone  
  145  10:23  Drone x7  
  152  10:39  Roach x5  
  152  10:40  Roach x3  
  152  10:41  Roach  
  152  10:42  Overlord  
  170  10:43  Overlord x2  
  170  10:49  Infestation Pit  
  169  10:50  Ravager x5  
  169  10:51  Ravager x2  
  169  10:52  Ravager  
  177  11:00  Extractor  
  177  11:01  Drone x4  
  177  11:03  Extractor, Hatchery  
  178  11:09  Lurker  
  179  11:11  Overseer x3  
  179  11:18  Lurker x4  
  182  11:20  Lurker  
  182  11:22  Zergling x26  
  182  11:23  Zergling x6  
  200  11:30  Hive  
  200  11:32  Zerg Melee Weapons Level 1  
  200  11:36  Overlord x3  
  175  12:07  Hydralisk x3  
  175  12:08  Hydralisk x6  
  183  12:09  Hydralisk x3  
  183  12:11  Overlord  
  199  12:42  Spine Crawler, Spore Crawler  
  197  12:45  Spine Crawler  
  197  12:49  Ultralisk Cavern  
  197  12:50  Spire  
  194  13:06  Drone  
  194  13:07  Drone x3  
  195  13:13  Spine Crawler  
  173  13:55  Ultralisk x4  
  195  14:01  Ultralisk  
  191  14:50  Lurker x2  
  191  14:51  Lurker x4  
Tags
 
Add a new tag
Caveats
  • Supply blocks, unpowered buildings, or Contaminate may cause inaccurate times.
  • Supply counts are checked every 10 seconds.